 Dungeon Crawl Stone Soup version 0.26.1-11-gd32895ea62 (webtiles) character file.

Game seed: 1544509663004784352

61 H0rd4k the Insei (level 4, -4/28 HPs)
             Began as an Octopode Transmuter on May 4, 2021.
             Killed from afar by Sigmund (6 damage)
             ... with a magic dart
             ... on level 2 of the Dungeon.
             The game lasted 00:02:21 (1950 turns).

H0rd4k the Insei (Octopode Transmuter)              Turns: 1950, Time: 00:02:22

Health: -4/28      AC:  1    Str:  9    XL:     4   Next: 7%
Magic:  7/7        EV: 13    Int: 16    God:
Gold:   96         SH:  0    Dex: 12    Spells: 3/7 levels left

rFire    . . .     SeeInvis .     - Unarmed
rCold    . . .     Faith    .   (no shield)
rNeg     . . .     Spirit   .   (helmet restricted)
rPois    .         Reflect  .   (no amulet)
rElec    .         Harm     .   (no ring)
rCorr    .         Rampage  .   (no ring)
Will     .....                  (no ring)
Stlth    ++........             (no ring)
HPRegen  0.09/turn              (no ring)
MPRegen  0.10/turn              (no ring)
                                (no ring)
                                (no ring)

@: confused
A: almost no armour, stealthy swim, amphibious, 8 rings, constrict 8, camouflage
1, gelatinous body 1
a: no special abilities


You were on level 2 of the Dungeon.
You visited 1 branch of the dungeon, and saw 2 of its levels.

You collected 96 gold pieces.

Inventory:

Jewellery
 b - an uncursed ring of resist corrosion {unknown}
Scrolls
 a - a scroll of random uselessness {unknown}
 d - 2 scrolls of identify {unknown}
 e - a scroll of fear {unknown}
 f - a scroll of remove curse {unknown}
 i - a scroll of fog {unknown}
Potions
 c - a potion of heal wounds {unknown}
 g - a potion of might {unknown}
 h - 2 potions of curing {unknown}
 j - 2 potions of flight {unknown}
 k - a potion of attraction {unknown}


   Skills:
 + Level 1.0 Fighting
 + Level 2.3 Dodging
 + Level 1.5 Stealth
 + Level 4.2 Unarmed Combat
 + Level 2.2 Spellcasting
 + Level 2.0 Transmutations


You had 3 spell levels left.
You knew the following spells:

 Your Spells              Type           Power        Failure   Level
a - Beastly Appendage     Tmut           16%          9%          1
b - Spider Form           Tmut/Pois      2%           38%         3

Your spell library contained the following spells:

 Spells                   Type           Power        Failure   Level
 Wereblood                Tmut           8%           13%         2
 Ice Form                 Ice/Tmut       5%           80%         4
 Blade Hands              Tmut           4%           94%         5


Dungeon Overview and Level Annotations

Branches:
Dungeon (2/15)

Altars:

Annotations:
D:1 exclusion: downstairs
D:2 Sigmund


Innate Abilities, Weirdness & Mutations

You cannot wear most types of armour.
You are very stealthy in the water. (Stealth+)
You are amphibious.
You can wear up to eight rings at the same time.
You can use your tentacles to constrict eight enemies at once.
Your skin changes colour to match your surroundings (Stealth+).
Your rubbery body absorbs attacks. (AC +1, EV +1)


Message History

Something tries to affect you, but you resist.
The now-empty wand crumbles to dust.
Your transformation has ended.
You are confused.
You bump into the rock wall.
You are more confused.
A frilled lizard comes into view.
The frilled lizard hisses angrily.
A puff of flame appears from out of thin air!
The puff of flame hits you!
There is a stone staircase leading up here.
A magic dart appears from out of thin air!
The magic dart hits you!
* * * LOW HITPOINT WARNING * * *
In your confused state, you trip and fall back down the stairs.
* * * LOW HITPOINT WARNING * * *
Unknown command.
A magic dart appears from out of thin air!
The magic dart hits you.
You die...

######## #.# #.# #.# #.# #.....)#
#.# #.###.###.#####
(.####.######.#####..............
#.# #..............###.###.##.##
..# #..#####.#####.##.........##
..# #..# #.##...............##
.## #..# #.##..#.........>#.## .#
#..#####.{...l.....####.#.##
.#####....(..###@.####.## #.#.##
....<.........^...# #.# #.#.##
######....#####..## #.# #.#
##.#.# #..# ... #.#.# #.... ..
###.#.# #.#### #.....# #. # ###
#.#.#.# #. # ..# #.#..># #


You could see a frilled lizard.

Vanquished Creatures
  An adder (D:2)
  An ooze (D:2)
  A worm (D:2)
  2 dart slugs (D:1)
  2 ball pythons
  A giant cockroach (D:2)
  5 goblins
  8 hobgoblins
  2 jackals (D:2)
  2 bats
  4 frilled lizards
  5 kobolds (D:1)
  6 rats
40 creatures vanquished.

Notes
Turn   | Place    | Note
-------+----------+-------------------------------------------
     0 | D:1      | H0rd4k the Octopode Transmuter began the quest for the Orb.
     0 | D:1      | Reached XP level 1. HP: 13/13 MP: 3/3
   296 | D:1      | Reached XP level 2. HP: 17/18 MP: 5/5
   798 | D:1      | You fall into a shaft and drop 1 floor!
   799 | D:2      | Noticed a wight
   799 | D:2      | Noticed a wight
   802 | D:2      | Noticed a wight
   816 | D:2      | Reached XP level 3. HP: 23/23 MP: 6/6
  1297 | D:2      | Reached skill level 1 in Stealth
  1487 | D:2      | Reached skill level 4 in Unarmed Combat
  1512 | D:2      | Noticed Sigmund
  1525 | D:2      | Learned a level 3 spell: Spider Form
  1733 | D:2      | Reached XP level 4. HP: 20/28 MP: 7/7
  1950 | D:2      | Killed from afar by Sigmund

Illustrated notes

Levels and vault maps discovered:
D:1:      elethiomel_arrival_quiet, layout_basic, hex_intersection,
          minmay_stone_trees_medium
D:2:      layout_loops_ring, minivault_14, hangedman_decor_riveting,
          uniq_sigmund

Skill      XL: |  1  2  3 |
---------------+----------+-----
Stealth        | 1 |  1.5
Unarmed Combat | 4 |  4.2
Fighting       | |  1.0
Dodging        | |  2.3
Spellcasting   | |  2.2
Transmutations | |  2.0

Action                   |  1- 3 |  4- 6 || total
-------------------------+-------+-------++-------
Melee: Unarmed           |    76 |    12 ||    88
       Constrict         |    22 |     3 ||    25
       Tentacles         |    10 |     3 ||    13
       Punch             |     1 |       ||     1
 Cast: Spider Form       |       |     1 ||     1
 Stab: Sleeping          |    11 |       ||    11
Armor: Skin              |     3 |     2 ||     5
Dodge: Dodged            |    36 |     7 ||    43
